[ AOE2 MATCH · #484333693 ]
UnrankedBulgarians vs Japanese
[ REPLAY ANALYSIS · EXTRACTED FROM THE RECORDED GAME ]
Feudal
16:21
Castle
—
Imperial
—
| APM avg | 19.8 |
| APM peak | 43 |
| eAPM avg | 9.2 |
| Villagers / military | 37 / 10 |
Focus
⚔️ 11.9% · 🌾 88.1%
Militia ×10
Feudal
15:53
Castle
—
Imperial
—
| APM avg | 10.9 |
| APM peak | 31 |
| eAPM avg | 5.1 |
| Villagers / military | 32 / 0 |
Focus
⚔️ 1.1% · 🌾 98.9%
Feudal
—
Castle
—
Imperial
—
| APM avg | 0.4 |
| APM peak | 9 |
| eAPM avg | 0.4 |
| Villagers / military | 0 / 0 |
Feudal
13:14
Castle
—
Imperial
—
| APM avg | 36.0 |
| APM peak | 64 |
| eAPM avg | 17.5 |
| Villagers / military | 27 / 11 |
Focus
⚔️ 8.5% · 🌾 91.5%
Battering Ram ×11
Feudal
—
Castle
—
Imperial
—
| APM avg | 0.2 |
| APM peak | 4 |
| eAPM avg | 0.1 |
| Villagers / military | 0 / 0 |
Feudal
—
Castle
—
Imperial
—
| APM avg | 0.1 |
| APM peak | 3 |
| eAPM avg | 0.1 |
| Villagers / military | 0 / 0 |
Feudal
14:48
Castle
—
Imperial
—
| APM avg | 39.7 |
| APM peak | 82 |
| eAPM avg | 15.8 |
| Villagers / military | 38 / 16 |
Focus
⚔️ 27.9% · 🌾 72.1%
Archer ×16
Feudal
13:15
Castle
19:28
Imperial
—
| APM avg | 16.8 |
| APM peak | 78 |
| eAPM avg | 8.0 |
| Villagers / military | 29 / 2 |
Focus
⚔️ 14.4% · 🌾 85.6%
Knight ×2
Match map
Initial resources + every placement click. Lines = walls · curves = elevation contours. ◆ gold · ⬟ stone · ● berries · ✦ relic · ◌ wall gap
Your base· Open — unwalled flank
烁's base· Open — unwalled flank
Slayer30's base· Open — unwalled flank
Kingver Xie's base· Open — unwalled flank
VIKING-GUNNARR's base· Open — unwalled flank
Ana Nzinga of Mbande Ndogo's base· Open — unwalled flank
今夜月色真好's base· Open — unwalled flank
Wertios's base· Open — unwalled flank
Smoothed initial terrain · ◌ = detected wall gap · hover for details
Inputs per minute
— jojo - - 烁
Build order — jojo
77 actions detected in the replay
| 1:11 | Build | Town Center |
| 3:58 | Create | Villager (Male) |
| 3:59 | Create | Villager (Male) |
| 3:59 | Research | Loom |
| 4:00 | Create | Villager (Male) |
| 4:00 | Create | Villager (Male) |
| 4:00 | Create | Villager (Male) |
| 4:22 | Build | House |
| 4:23 | Build | House |
| 4:53 | Build | Mill |
| 5:01 | Build | House |
| 5:11 | Create | Villager (Male) |
| 6:08 | Create | Villager (Male) |
| 6:45 | Create | Villager (Male) |
| 6:46 | Create | Villager (Male) |
| 7:28 | Create | Villager (Male) |
| 7:29 | Create | Villager (Male) |
| 8:48 | Build | Lumber Camp |
| 8:54 | Create | Villager (Male) |
| 8:54 | Create | Villager (Male) |
| 8:54 | Create | Villager (Male) |
| 8:54 | Create | Villager (Male) |
| 9:17 | Create | Villager (Male) |
| 10:07 | Create | Villager (Male) |
| 10:07 | Create | Villager (Male) |
| 10:07 | Create | Villager (Male) |
| 10:57 | Create | Villager (Male) |
| 10:59 | Create | Villager (Male) |
| 11:20 | Create | Villager (Male) |
| 11:21 | Create | Villager (Male) |
| 11:28 | Build | House |
| 11:29 | Build | House |
| 11:59 | Build | Farm |
| 12:10 | Build | Barracks |
| 12:22 | Create | Villager (Male) |
| 12:23 | Create | Villager (Male) |
| 12:41 | Build | House |
| 12:54 | Build | Palisade Wall |
| 13:41 | Build | Mill |
| 13:58 | Build | Farm |
| 14:09 | Create | Villager (Male) |
| 14:09 | Research | Feudal Age |
| 14:12 | Create | Villager (Male) |
| 14:15 | Create | Militia |
| 14:15 | Create | Militia |
| 14:15 | Create | Militia |
| 16:11 | Create | Militia |
| 16:11 | Create | Militia |
| 16:12 | Create | Militia |
| 16:21 | Age | Feudal Age |
| 16:25 | Build | Blacksmith |
| 16:27 | Create | Militia |
| 16:27 | Create | Militia |
| 16:41 | Build | Stable |
| 16:59 | Create | Villager (Male) |
| 17:00 | Create | Villager (Male) |
| 17:00 | Create | Villager (Male) |
| 17:00 | Create | Villager (Male) |
| 17:00 | Create | Villager (Male) |
| 17:00 | Create | Villager (Male) |
| 17:25 | Build | Farm |
| 17:25 | Build | Farm |
| 17:27 | Research | Horse Collar |
| 17:29 | Research | Double-Bit Axe |
| 17:37 | Build | Mill |
| 18:01 | Build | House |
| 18:01 | Build | House |
| 18:29 | Create | Militia |
| 18:29 | Create | Militia |
| 18:38 | Create | Villager (Male) |
| 18:39 | Create | Villager (Male) |
| 18:52 | Build | House |
| 18:53 | Build | House |
| 19:25 | Build | Farm |
| 19:45 | Create | Villager (Male) |
| 19:46 | Create | Villager (Male) |
| 20:00 | Build | Market |
Build order — 烁
50 actions detected in the replay
| 0:23 | Build | Town Center |
| 1:31 | Build | House |
| 3:30 | Create | Villager (Male) ×4 |
| 3:30 | Create | Villager (Male) ×4 |
| 4:31 | Build | House |
| 4:49 | Create | Villager (Male) |
| 5:23 | Create | Villager (Male) |
| 5:50 | Create | Villager (Male) |
| 6:21 | Create | Villager (Male) |
| 6:31 | Create | Villager (Male) |
| 7:18 | Create | Villager (Male) |
| 7:33 | Research | Loom |
| 7:41 | Build | House |
| 7:55 | Build | Mill |
| 7:58 | Create | Villager (Male) |
| 8:08 | Create | Villager (Male) |
| 8:43 | Create | Villager (Male) |
| 9:02 | Create | Villager (Male) |
| 9:32 | Create | Villager (Male) |
| 9:38 | Build | House |
| 9:44 | Create | Villager (Male) |
| 9:57 | Build | Mill |
| 10:03 | Build | Mule Cart |
| 10:24 | Create | Villager (Male) |
| 11:06 | Create | Villager (Male) |
| 11:27 | Create | Villager (Male) |
| 11:39 | Build | House |
| 11:51 | Create | Villager (Male) |
| 12:13 | Create | Villager (Male) |
| 12:41 | Create | Villager (Male) |
| 12:57 | Create | Villager (Male) |
| 13:16 | Build | Mule Cart |
| 13:43 | Research | Feudal Age |
| 13:43 | Research | Feudal Age |
| 14:07 | Build | Mule Cart |
| 15:25 | Build | House |
| 15:43 | Create | Villager (Male) |
| 15:43 | Create | Villager (Male) |
| 15:53 | Age | Feudal Age |
| 16:01 | Build | Barracks |
| 16:06 | Build | Blacksmith |
| 16:09 | Build | Market |
| 16:17 | Create | Villager (Male) |
| 16:56 | Create | Villager (Male) |
| 17:00 | Build | Farm |
| 17:20 | Create | Villager (Male) |
| 17:45 | Research | Castle Age |
| 18:09 | Build | Watch Tower |
| 18:58 | Build | Watch Tower |
| 19:44 | Build | Watch Tower |
Build order — Slayer30
0 actions detected in the replay
Build order — Kingver Xie
58 actions detected in the replay
| 0:29 | Build | Town Center |
| 0:41 | Build | House |
| 1:41 | Build | Mill |
| 3:08 | Create | Villager (Male) |
| 3:08 | Create | Villager (Male) |
| 3:08 | Create | Villager (Male) |
| 3:08 | Create | Villager (Male) |
| 3:30 | Build | House |
| 4:15 | Create | Villager (Male) |
| 5:06 | Create | Villager (Male) |
| 6:16 | Create | Villager (Male) |
| 6:16 | Create | Villager (Male) |
| 6:16 | Create | Villager (Male) |
| 6:21 | Research | Loom |
| 6:34 | Build | House |
| 6:54 | Create | Villager (Male) |
| 7:03 | Create | Villager (Male) |
| 7:03 | Create | Villager (Male) |
| 7:22 | Create | Villager (Male) |
| 7:22 | Create | Villager (Male) |
| 7:23 | Create | Villager (Male) |
| 8:06 | Create | Villager (Male) |
| 8:42 | Build | Mill |
| 9:48 | Build | House |
| 10:06 | Build | Lumber Camp |
| 11:04 | Research | Feudal Age |
| 11:20 | Build | Mining Camp |
| 12:21 | Create | Villager (Male) |
| 12:21 | Create | Villager (Male) |
| 12:22 | Create | Villager (Male) |
| 12:22 | Create | Villager (Male) |
| 12:22 | Create | Villager (Male) |
| 12:22 | Create | Villager (Male) |
| 12:23 | Create | Villager (Male) |
| 13:14 | Age | Feudal Age |
| 13:17 | Build | Blacksmith |
| 13:33 | Create | Villager (Male) |
| 13:34 | Create | Villager (Male) |
| 14:15 | Build | Siege Workshop |
| 14:26 | Create | Villager (Male) |
| 15:13 | Create | Battering Ram |
| 15:13 | Create | Battering Ram |
| 15:48 | Build | House |
| 15:55 | Build | House |
| 16:04 | Build | House |
| 16:16 | Create | Battering Ram |
| 16:16 | Create | Battering Ram |
| 16:38 | Build | Watch Tower |
| 16:47 | Create | Battering Ram |
| 16:47 | Create | Battering Ram |
| 16:53 | Build | House |
| 17:26 | Build | Mill |
| 17:48 | Create | Battering Ram |
| 17:49 | Create | Battering Ram |
| 18:14 | Create | Villager (Male) |
| 18:53 | Create | Battering Ram |
| 18:53 | Create | Battering Ram |
| 18:53 | Create | Battering Ram |
Build order — VIKING-GUNNARR
0 actions detected in the replay
Build order — Ana Nzinga of Mbande Ndogo
0 actions detected in the replay
Build order — 今夜月色真好
87 actions detected in the replay
| 2:06 | Build | Town Center |
| 4:21 | Create | Villager (Male) |
| 4:21 | Create | Villager (Male) |
| 4:22 | Create | Villager (Male) |
| 4:29 | Create | Villager (Male) |
| 4:30 | Create | Villager (Male) |
| 4:57 | Build | House |
| 4:58 | Build | House |
| 5:01 | Research | Loom |
| 5:02 | Create | Villager (Male) |
| 5:02 | Create | Villager (Male) |
| 5:26 | Create | Villager (Male) |
| 5:27 | Create | Villager (Male) |
| 6:53 | Create | Villager (Male) |
| 6:53 | Create | Villager (Male) |
| 7:02 | Create | Villager (Male) |
| 7:03 | Create | Villager (Male) |
| 7:36 | Create | Villager (Male) |
| 7:36 | Create | Villager (Male) |
| 8:03 | Create | Villager (Male) |
| 8:04 | Create | Villager (Male) |
| 8:30 | Create | Villager (Male) |
| 8:30 | Create | Villager (Male) |
| 8:50 | Build | House |
| 8:52 | Build | House |
| 9:18 | Create | Villager (Male) |
| 9:18 | Create | Villager (Male) |
| 9:29 | Create | Villager (Male) |
| 9:29 | Create | Villager (Male) |
| 10:22 | Build | Mill |
| 10:43 | Create | Villager (Male) |
| 10:43 | Create | Villager (Male) |
| 10:44 | Create | Villager (Male) |
| 12:09 | Build | Mining Camp |
| 12:38 | Research | Feudal Age |
| 12:38 | Research | Feudal Age |
| 12:38 | Research | Feudal Age |
| 12:38 | Research | Feudal Age |
| 12:54 | Build | Barracks |
| 14:22 | Create | Villager (Male) |
| 14:33 | Build | House |
| 14:48 | Age | Feudal Age |
| 14:53 | Build | Archery Range |
| 14:56 | Build | Archery Range |
| 15:11 | Build | House |
| 15:12 | Build | House |
| 15:15 | Create | Villager (Male) |
| 15:53 | Create | Archer |
| 15:53 | Create | Archer |
| 15:54 | Create | Villager (Male) |
| 16:00 | Build | Blacksmith |
| 16:25 | Create | Villager (Male) |
| 16:35 | Build | Lumber Camp |
| 16:44 | Create | Archer |
| 16:44 | Create | Archer |
| 16:51 | Create | Archer |
| 16:51 | Create | Archer |
| 16:53 | Create | Villager (Male) |
| 16:53 | Create | Villager (Male) |
| 16:58 | Research | Horse Collar |
| 17:03 | Research | Double-Bit Axe |
| 17:18 | Create | Archer |
| 17:18 | Create | Archer |
| 17:28 | Build | House |
| 17:31 | Create | Villager (Male) |
| 17:44 | Create | Villager (Male) |
| 17:55 | Research | Fletching |
| 18:08 | Build | Mill |
| 18:14 | Build | Farm |
| 18:20 | Create | Villager (Male) |
| 18:32 | Create | Archer |
| 18:33 | Create | Archer |
| 18:42 | Create | Archer |
| 18:42 | Create | Archer |
| 18:49 | Research | Padded Archer Armor |
| 18:51 | Build | House |
| 18:53 | Create | Villager (Male) |
| 18:55 | Build | Farm |
| 18:57 | Create | Archer |
| 18:57 | Create | Archer |
| 19:37 | Create | Archer |
| 19:37 | Create | Archer |
| 19:38 | Create | Villager (Male) |
| 19:38 | Create | Villager (Male) |
| 19:42 | Build | Farm |
| 19:45 | Build | Farm |
| 19:46 | Build | Farm |
Build order — Wertios
62 actions detected in the replay
| 0:40 | Build | Town Center |
| 1:45 | Build | House |
| 1:57 | Build | House |
| 3:06 | Create | Villager (Male) |
| 3:06 | Create | Villager (Male) |
| 3:07 | Create | Villager (Male) |
| 3:07 | Create | Villager (Male) |
| 3:07 | Create | Villager (Male) |
| 3:07 | Create | Villager (Male) |
| 3:07 | Create | Villager (Male) |
| 3:07 | Create | Villager (Male) |
| 3:08 | Create | Villager (Male) |
| 3:08 | Create | Villager (Male) |
| 4:31 | Create | Villager (Male) |
| 4:33 | Create | Villager (Male) |
| 5:02 | Build | Lumber Camp |
| 5:12 | Create | Villager (Male) |
| 5:13 | Research | Loom |
| 5:29 | Create | Villager (Male) |
| 6:10 | Create | Villager (Male) |
| 6:50 | Create | Villager (Male) |
| 7:00 | Create | Villager (Male) |
| 7:00 | Create | Villager (Male) |
| 7:40 | Create | Villager (Male) |
| 8:29 | Create | Villager (Male) |
| 8:38 | Build | House |
| 8:47 | Create | Villager (Male) |
| 9:25 | Build | Mill |
| 9:34 | Build | House |
| 10:12 | Build | Mining Camp |
| 10:15 | Create | Villager (Male) |
| 10:16 | Create | Villager (Male) |
| 10:48 | Research | Feudal Age |
| 11:08 | Build | Palisade Wall |
| 11:52 | Build | Barracks |
| 12:01 | Build | House |
| 13:15 | Age | Feudal Age |
| 13:17 | Create | Villager (Male) |
| 13:17 | Create | Villager (Male) |
| 14:01 | Create | Villager (Male) |
| 14:17 | Build | Blacksmith |
| 14:26 | Create | Villager (Male) |
| 15:05 | Build | House |
| 15:11 | Build | House |
| 15:15 | Build | House |
| 15:34 | Create | Villager (Male) |
| 15:55 | Build | Stable |
| 15:59 | Create | Villager (Male) |
| 16:26 | Build | Mining Camp |
| 16:48 | Research | Castle Age |
| 16:58 | Build | Palisade Wall |
| 17:04 | Research | Stone Mining |
| 17:35 | Build | Farm |
| 17:36 | Build | Farm |
| 17:58 | Build | Farm |
| 18:02 | Build | Farm |
| 18:38 | Build | Farm |
| 18:55 | Build | Watch Tower |
| 19:23 | Build | Watch Tower |
| 19:28 | Age | Castle Age |
| 19:36 | Create | Knight |
| 19:36 | Create | Knight |
Match timeline
| 0:01 | Slayer30 · resign |
| 11:08 | Wertios · wall_segment Palisade Wall x12 |
| 11:52 | Wertios · first_building Barracks |
| 12:10 | jojo · first_building Barracks |
| 12:54 | jojo · wall_segment Palisade Wall x1 |
| 12:54 | 今夜月色真好 · first_building Barracks |
| 13:14 | Kingver Xie · age_up feudal |
| 13:15 | Wertios · age_up feudal |
| 14:15 | Kingver Xie · first_building Siege Workshop |
| 14:48 | 今夜月色真好 · age_up feudal |
| 14:53 | 今夜月色真好 · first_building Archery Range |
| 15:53 | 烁 · age_up feudal |
| 15:55 | Wertios · first_building Stable |
| 16:01 | 烁 · first_building Barracks |
| 16:21 | jojo · age_up feudal |
| 16:41 | jojo · first_building Stable |
| 16:58 | Wertios · wall_segment Palisade Wall x5 |
| 19:28 | Wertios · age_up castle |
[ AI ANALYSIS · 1 CREDIT ]
What really happened in this match?
Wolo.gg analyzes every decision: build order, eco, micro, common mistakes by bracket. Personalized analysis on WhatsApp or Discord in 30 seconds.
Civ guide
Bulgarians
Perfil
Jugador #17693551